 Dungeon Crawl Stone Soup version 0.18.1-48-g4cf74bf (webtiles) character file.

29 Gargoyl the Skirmisher (level 3, 29/29 HPs)
             Began as a Demonspawn Abyssal Knight on June 27, 2016.
             Was a Follower of Lugonu.
             Quit the game on level 1 of the Dungeon.
             The game lasted 00:01:48 (900 turns).

Gargoyl the Skirmisher (Demonspawn Abyssal Knight)   Turns: 900, Time: 00:01:48

Health: 29/29      AC:  6    Str: 13    XL:     3   Next: 1%
Magic:  4/4        EV:  9    Int: 13    God:    Lugonu [*.....]
Gold:   12         SH:  0    Dex: 12    Spells: 0 memorised, 2 levels left

rFire  . . .     SeeInvis .     a - +1 hand axe
rCold  . . .     Gourm    .     e - +0 scale mail
rNeg   . . .     Faith    .     (no shield)
rPois  .         Spirit   +     (no helmet)
rElec  .         Dismiss  .     (no cloak)
rCorr  .         Reflect  .     (no gloves)
SustAt .         Harm     .     (no boots)
MR     .....                    (no amulet)
Stlth  ..........               (no ring)
                                (no ring)

@: not resistant to hostile enchantments, extremely unstealthy
A: hooves 1, magic shield
a: Depart the Abyss, Renounce Religion


You were on level 1 of the Dungeon.
You worshipped Lugonu.
Lugonu was aware of your devotion.
You were not hungry.

You visited 1 branch of the dungeon, and saw 1 of its levels.
You visited the Abyss 1 time.

You collected 12 gold pieces.

Inventory:

Hand Weapons
 a - a +1 hand axe (weapon)
Armour
 b - a +0 leather armour
 e - a +0 scale mail (worn)
Scrolls
 f - a scroll of enchant armour {unknown}
 g - a scroll of identify {unknown}
 h - 2 scrolls of amnesia {unknown}
Potions
 d - a potion of lignification {unknown}
Comestibles
 c - a bread ration


   Skills:
 + Level 3.5 Fighting
 + Level 2.0 Axes
 * Level 2.3 Armour
 + Level 1.0 Dodging
 + Level 2.5 Invocations


You had 2 spell levels left.
You didn't know any spells.

Dungeon Overview and Level Annotations

Branches:
Dungeon (1/15)

Altars:


Innate Abilities, Weirdness & Mutations

You have large cloven feet.
When hurt, damage is shared between your health and your magic reserves.


Message History

You kick the dart slug, but do no damage.
The dart slug is heavily wounded.
The dart slug misses you.
You hit the dart slug.
You kill the dart slug!
Lugonu accepts your kill.
Your Axes skill increases to level 2!
Found 6 gold pieces.
You now have 12 gold pieces (gained 6).
A ball python comes into view.
The ball python barely misses you. The ball python misses you.
You hit the ball python.
You kill the ball python!
Lugonu accepts your kill.
You have reached level 3!
Your experience leads to an increase in your attributes!
Increase (S)trength, (I)ntelligence, or (D)exterity?
You feel stronger.
Your demonic ancestry asserts itself...
You feel your magical essence form a protective shroud around your flesh.
Are you sure you want to abandon this character and quit the game? (Confirm with "yes".)

###### #######....#
#....##....# ....
#....##....# ....
#....##...?#### ...
#....##†.......
#.###......@#
#..................
#
#.....###...##.....
# #.........#...
.... #
#.#####........#..##
... #
#.......###....#..#
.. #
##....#.###....#...
. ..###+#
+....+.............
....>. #...
#.###.....#. ......


There were no monsters in sight!

Vanquished Creatures
  4 dart slugs (D:1)
  2 giant geckos (D:1)
  A ball python (D:1)
  A goblin (D:1)
  2 hobgoblins (D:1)
  A giant newt (D:1)
  5 kobolds (D:1)
  3 rats (D:1)
19 creatures vanquished.

Notes
Turn   | Place    | Note
--------------------------------------------------------------
     0 | Abyss:1  | Gargoyl the Demonspawn Abyssal Knight began the quest for the Orb.
     0 | Abyss:1  | Reached XP level 1. HP: 18/18 MP: 2/2
     3 | Abyss:1  | Found a corrupted altar of Lugonu.
    66 | Abyss:1  | Noticed a tentacled starspawn
    88 | Abyss:2  | Noticed a rust devil
   140 | Abyss:3  | Noticed a spatial maelstrom
   148 | Abyss:3  | Noticed a spatial vortex
   150 | D:1      | Escaped the Abyss
   370 | D:1      | Reached * piety under Lugonu
   422 | D:1      | Gained mutation: You have large cloven feet. [demonic ancestry]
   422 | D:1      | Reached XP level 2. HP: 11/24 MP: 3/3
   689 | D:1      | Reached skill level 1 in Dodging
   899 | D:1      | Gained mutation: When hurt, damage is shared between your health and your magic reserves. [demonic ancestry]
   899 | D:1      | Reached XP level 3. HP: 29/29 MP: 4/4
   900 | D:1      | Quit the game

Skill      XL: |  1  2 |
---------------+-------+-----
Armour         | 2 |  2.3
Dodging        | 1 |  1.0
Axes           | 2 |  2.0
Fighting       | |  3.5
Invocations    | |  2.5

Action                   || total
-------------------------++-------
Melee: Hand axe          ||    55
       Kick              ||     9
Invok: Depart the Abyss  ||     1
Armor: Scale mail        ||    25
Dodge: Dodged            ||    30
